 Dungeon Crawl Stone Soup version 0.28-a0-773-g130ae17fe5 (webtiles) character file.

Game seed: 8900602858520425192

1829 ytrimaz the Skirmisher (level 8, -1/67 HPs)
             Began as a Demonspawn Gladiator on Nov 1, 2021.
             Was an Initiate of Makhleb.
             Slain by a two-headed ogre (10 damage)
             ... on level 8 of the Dungeon.
             The game lasted 00:10:23 (8899 turns).

ytrimaz the Skirmisher (Demonspawn Gladiator)       Turns: 8899, Time: 00:10:23

Health: -1/67      AC:  9    Str: 17    XL:     8   Next: 86%
Magic:  8/8        EV: 15    Int: 15    God:    Makhleb [......]
Gold:   1092       SH:  0    Dex: 21    Spells: 7/7 levels left

rFire   . . .      SeeInvis .   a - +1 rapier (venom)
rCold   . . .      Faith    .   (no shield)
rNeg    . . .      Spirit   .   b - +2 leather armour
rPois   .          Reflect  .   c - +0 helmet
rElec   .          Harm     .   (no cloak)
rCorr   .          Rampage  .   (no gloves)
Will    .....                   (no boots)
Stlth   ++........              (no amulet)
HPRegen 0.21/turn               r - +6 ring of dexterity
MPRegen 0.11/turn               y - +6 ring of intelligence

@: no status effects
A: molten scales 1, demonic guardian 1, demonic touch 1
a: Renounce Religion


You were on level 8 of the Dungeon.
You worshipped Makhleb.
Makhleb was noncommittal.
You visited 2 branches of the dungeon, and saw 9 of its levels.

You collected 1447 gold pieces.
You spent 355 gold pieces at shops.

Inventory:

Hand Weapons
 a - a +1 rapier of venom (weapon)
 g - a +1 dagger of venom
Missiles
 d - 3 throwing nets (quivered)
Armour
 b - a +2 leather armour (worn)
 c - a +0 helmet (worn)
Jewellery
 r - a +6 ring of dexterity (left hand)
 y - a +6 ring of intelligence (right hand)
Wands
 e - a wand of polymorph (8)
 j - a wand of paralysis (6)
 k - a wand of flame (20)
 v - a wand of iceblast (8)
Scrolls
 q - a scroll of teleportation
 s - a scroll of fog
Potions
 f - 3 potions of attraction
 l - a potion of magic {unknown}
 m - 2 potions of curing {unknown}
 n - a potion of ambrosia {unknown}
 o - a potion of brilliance {unknown}
 p - 2 potions of invisibility {unknown}
 t - a potion of might {unknown}
 u - a potion of lignification {unknown}
 x - a potion of degeneration {unknown}


   Skills:
 * Level 7.0 Fighting
 - Level 2.7 Short Blades
 - Level 1.7 Throwing
 * Level 6.7 Armour
 + Level 5.6 Dodging


You had 7 spell levels left.
You didn't know any spells.
Your spell library contained the following spells:

 Spells                   Type           Power      Damage    Failure   Level
 Slow                     Hex            0%         N/A       32%         1
 Confusing Touch          Hex            0%         N/A       67%         3
 Animate Armour           Summ/Erth      0%         N/A       97%         4
 Blade Hands              Tmut           0%         N/A       100%        5
 Fireball                 Conj/Fire      0%         3d3       100%        5
 Iskenderun's Battlesphe  Conj           0%         2d6       100%        5
 Yara's Violent Unravell  Hex/Tmut       0%         3d3       100%        5
 Conjure Ball Lightning   Conj/Air       0%         3x3d6     100%        6
 Iron Shot                Conj/Erth      0%         9d1       100%        6
 Orb of Destruction       Conj           0%         N/A       100%        7


Dungeon Overview and Level Annotations

Branches:
Dungeon (8/15)             Temple (1/1) D:7
   Lair: D:8-11

Altars:
Ashenzari
Cheibriados
Dithmenos
Elyvilon
Fedhas
Gozag
Hepliaklqana
Kikubaaqudgha
Makhleb
Nemelex Xobeh
Okawaru
Qazlal
Ru
Sif Muna
Trog
Uskayaw
Vehumet
Wu Jian
Xom
Yredelemnul
Zin
The Shining One

Shops:
D:5 *   D:6 (


Innate Abilities, Weirdness & Mutations

You are partially covered in molten scales. (AC +2)
A weak demonic guardian rushes to your aid.
Your touch may inflict minor irresistible damage on your foes.


Message History

The two-headed ogre is lightly wounded.
You hit the two-headed ogre.
You touch the two-headed ogre.
The two-headed ogre is moderately wounded.
The two-headed ogre hits you with a +0 giant club!
A demonic guardian appears!
The two-headed ogre barely misses you.
You closely miss the two-headed ogre.
The two-headed ogre is moderately wounded.
The two-headed ogre hits you with a +0 giant club!!
The two-headed ogre hits you with a +0 dire flail.
You hit the two-headed ogre but do no damage.
The two-headed ogre looks as sick as possible!
You touch the two-headed ogre.
The two-headed ogre is heavily wounded.
The two-headed ogre completely misses you.
The two-headed ogre hits you with a +0 dire flail!
* * * LOW HITPOINT WARNING * * *
Your shadow imp barely misses the two-headed ogre.
Your shadow imp barely misses the two-headed ogre.
The two-headed ogre hits your shadow imp with a +0 giant club!!
Your shadow imp dies!
Your shadow imp disappears in a puff of smoke!
A white imp comes into view.
A sky beast comes into view.
The white imp shouts!
There is a stone staircase leading up here.
The white imp gestures at you. The puff of frost misses you.
The white imp gestures at you. The puff of frost hits you.
* * * LOW HITPOINT WARNING * * *
The white imp gestures at you. The puff of frost hits you!
* * * LOW HITPOINT WARNING * * *
You feel much better.
Found 10 gold pieces.
The two-headed ogre hits you with a +0 giant club!!
* * * LOW HITPOINT WARNING * * *
A demonic guardian appears!
The two-headed ogre hits you with a +0 dire flail!
You die...

########...........
##.....$.<..#.......
##..........<.((.....
$............5.$.....
#....................
#....................
#..............#...##
#.......O..Y.........
#.....@.5...........
##.............#....
####..............#
#+++#....##....
####.# .## ... ##


You could see a two-headed ogre (very poisoned, ally target), a sky beast, a
white imp and a friendly shadow imp (summoned).

Vanquished Creatures
  A sky beast (D:7)
  3 ice beasts
  A black bear (D:6)
  2 ogres
  2 centaurs
  A bullfrog (D:7)
  A water moccasin zombie (D:6)
  2 scorpions
  A water moccasin skeleton (D:5)
  3 howler monkeys (D:7)
  2 bullfrog zombies
  A jelly (D:7)
  2 orc priests (D:7)
  A centaur skeleton (D:6)
  A bullfrog skeleton (D:7)
  5 iguanas
  Ijyb (D:3)
  A howler monkey zombie (D:7)
  8 adders
  2 shadow imps
  A white imp (D:6)
  An ufetubus (D:5)
  2 worms (D:2)
  A dart slug (D:1)
  10 orcs
  5 ball pythons
  3 endoplasms
  6 giant cockroaches
  5 goblins
  2 hobgoblins
  5 jackals
  4 quokkas
  6 bats
  4 frilled lizards
  6 kobolds
  4 rats
106 creatures vanquished.

Vanquished Creatures (collateral kills)
  An ogre (D:4)
1 creature vanquished.

Vanquished Creatures (others)
  An orc wizard (D:7)
1 creature vanquished.

Grand Total: 108 creatures vanquished

Notes
Turn   | Place    | Note
-------+----------+-------------------------------------------
     0 | D:1      | ytrimaz the Demonspawn Gladiator began the quest for the
                  | Orb.
     0 | D:1      | Reached XP level 1. HP: 16/16 MP: 1/1
   388 | D:1      | Gained mutation: A weak demonic guardian rushes to your
                  | aid. [demonic ancestry]
   388 | D:1      | Reached XP level 2. HP: 18/22 MP: 2/2
   713 | D:2      | Reached skill level 1 in Armour
   798 | D:2      | Reached XP level 3. HP: 27/28 MP: 3/3
   885 | D:2      | You fall into a shaft and drop 1 floor!
  1430 | D:3      | Found an ornate altar of the Wu Jian Council.
  1924 | D:2      | Found a faded altar of an unknown god.
  2118 | D:2      | Reached XP level 4. HP: 34/34 MP: 4/4
  2140 | D:2      | HP: 1/34 [poisoned by an adder]
  2716 | D:2      | Identified a scroll of acquirement
  2717 | D:2      | Acquired 1092 gold pieces
  2902 | D:3      | Reached skill level 3 in Fighting
  2912 | D:3      | Noticed Ijyb
  2920 | D:3      | Killed Ijyb
  3258 | D:4      | Found a blossoming altar of Fedhas.
  3299 | D:4      | Noticed a scorpion
  3305 | D:4      | Killed a scorpion
  3306 | D:4      | Reached XP level 5. HP: 31/41 MP: 5/5
  3746 | D:4      | Noticed an ogre
  3748 | D:4      | Noticed an ogre
  3758 | D:4      | Killed an ogre
  3759 | D:4      | Gained mutation: Your touch may inflict minor irresistible
                  | damage on your foes. [demonic ancestry]
  3759 | D:4      | Reached XP level 6. HP: 39/48 MP: 6/6
  3761 | D:4      | Reached skill level 4 in Fighting
  3826 | D:4      | Found an iron altar of Okawaru.
  4433 | D:4      | Identified the +0 robe "Uzxeunit" {rN+ Str-2 Dex+3}
  4443 | D:5      | Entered Level 5 of the Dungeon
  4808 | D:5      | Noticed an ice beast
  4816 | D:5      | Killed an ice beast
  4817 | D:5      | Reached XP level 7. HP: 55/55 MP: 7/7
  5096 | D:5      | Found Kighehocs's Assorted Antiques.
  5105 | D:5      | Bought 2 fizzy red potions for 61 gold pieces
  5105 | D:5      | Bought a scroll labelled YQAWIE ROIBEONUBE for 34 gold
                  | pieces
  5105 | D:5      | Bought a scroll labelled RICEUFR FEUQOT for 34 gold pieces
  5105 | D:5      | Bought a green potion for 30 gold pieces
  5105 | D:5      | Bought a yellow potion for 30 gold pieces
  5105 | D:5      | Bought a gluggy blue potion for 30 gold pieces
  5105 | D:5      | Bought a crooked glass wand for 136 gold pieces
  6006 | D:6      | Reached skill level 5 in Fighting
  6006 | D:6      | Reached skill level 5 in Armour
  7012 | D:6      | Found a radiant altar of Vehumet.
  7136 | D:6      | Gained mutation: You are partially covered in molten
                  | scales. (AC +2) [demonic ancestry]
  7136 | D:6      | Reached XP level 8. HP: 61/64 MP: 8/8
  7235 | D:6      | Found Maotuw's Weapon Shoppe.
  7239 | D:6      | Found a hazy altar of Hepliaklqana.
  7657 | D:7      | Reached skill level 6 in Fighting
  7709 | D:7      | Found a staircase to the Ecumenical Temple.
  7729 | D:7      | Reached skill level 5 in Dodging
  7740 | Temple   | Entered the Ecumenical Temple
  8271 | Temple   | Became a worshipper of Makhleb the Destroyer
  8525 | D:7      | Reached skill level 7 in Fighting
  8882 | D:8      | Noticed a two-headed ogre
  8899 | D:8      | Slain by a two-headed ogre

Illustrated notes

Levels and vault maps discovered:
D:1:      co_arrival_square_in_a_square_in_a_square, layout_rooms
D:2:      layout_basic, basic_ecumenical_altar, minmay_misc_feat_five
D:3:      layout_basic, mainiacjoe_overflow_paths, minmay_close_crescents,
          uniq_ijyb
D:4:      layout_loops_cross, mainiacjoe_overflow_tiny_flanked, kennysheep_mini,
          lemuel_doored_altar, grunt_ministairs_2, minmay_distorted
D:5:      layout_layer_cave, serial_shops,
          nicolae_shop_temple_entry_statues_fountains
D:6:      layout_cave_pools, nicolae_vehumet_radiance, lemuel_tele_altar,
          serial_shops, shop
D:7:      layout_cave_pools, minmay_temple_entry_waves
D:8:      layout_rooms, kennysheep_kite_vault
Temple:   regret_index_temple_sphere_string

Skill      XL: |  1  2  3  4  5  6  7  8 |
---------------+-------------------------+-----
Dodging        | 3 4 5 |  5.6
Armour         | 1 2 3 4 5 6 |  6.7
Fighting       | 3 4 5 7 |  7.0
Short Blades   | |  2.7
Throwing       | |  1.7

Action                   |  1- 3 |  4- 6 |  7- 9 || total
-------------------------+-------+-------+-------++-------
Melee: Dagger            |   114 |    12 |       ||   126
       Rapier            |     6 |    84 |   155 ||   245
       Touch             |       |    15 |    46 ||    61
  Use: Scroll            |     1 |     7 |     5 ||    13
       Potion            |       |       |     4 ||     4
 Stab: Sleeping          |     1 |     2 |       ||     3
Armor: Leather armour    |    33 |    15 |    74 ||   122
Dodge: Dodged            |    68 |    61 |   148 ||   277

Table legend: (Time is in decaauts)
 A = Elapsed time spent in this place.
 B = Non-inter-level travel time spent in this place.
 C = Inter-level travel time spent in this place.
 D = Time resting spent in this place.
 E = Time spent auto-exploring this place.
 F = Levels seen in this place.
 G = Mean time per level.
                   A        B        C        D        E       F      G
               +--------+--------+--------+--------+--------+-----+--------+
         Total |   8898 |   8626 |    272 |   1789 |   5654 |   9 |  988.7 |
       Dungeon |   8356 |   8093 |    263 |   1679 |   5416 |   8 | 1044.5 |
        Temple |    541 |    532 |      9 |    110 |    238 |   1 |  541.0 |
               +--------+--------+--------+--------+--------+-----+--------+

Top non-repeatable levels by time:
     D:5: 2171 daAuts
     D:2: 1323 daAuts
     D:3: 1284 daAuts
     D:4: 1218 daAuts
     D:6: 982 daAuts
     D:7: 757 daAuts
     D:1: 602 daAuts
  Temple: 541 daAuts
     D:8: 17 daAuts
